 Dungeon Crawl Stone Soup version 0.29.1-12-g30fa7ad0bf (webtiles) character file.

Game seed: 5303343296259982525

72551 SUNBIBLE the Fighter (level 15, -50/127 HPs)
             Began as a Formicid Fighter on Dec 31, 2022.
             Was the Champion of Okawaru.
             Annihilated by a titanic slime creature (81 damage)
             ... on level 13 of the Dungeon.
             The game lasted 00:50:19 (21082 turns).

SUNBIBLE the Fighter (Formicid Fighter)            Turns: 21082, Time: 00:50:19

Health: -50/127    AC: 33    Str: 42    XL:     15   Next: 86%
Magic:  16/22      EV: 14    Int:  8    God:    Okawaru [******]
Gold:   1401       SH:  6    Dex: 13    Spells: 14/14 levels left

rFire   + . .      SeeInvis +   R - +4 broad axe of Nemelex Xobeh, Flying {elec, +Blink Fly rPois Str+3}
rCold   + . .      Faith    .   c - +0 buckler
rNeg    . . .      Spirit   .   J - +7 plate armour {ponderous}
rPois   +          Reflect  .   (helmet unavailable)
rElec   .          Harm     .   a - +2 cloak {Will+}
rCorr   .          Rampage  .   U - +0 pair of gloves "Baraupne" {rF+ rC+ Str+3}
Will    +++..                   K - +0 pair of boots
Stlth   ..........              z - amulet of regeneration
HPRegen 1.11/turn               i - +6 ring of strength
MPRegen 0.18/turn               G - ring "Davvimo" {Will+ Str+2}

@: heroic, finesse-ful, flying, studying Unarmed Combat, slow
A: permanent stasis, dig shafts and tunnels, antennae 3, four strong arms
a: Dig, Shaft Self, Renounce Religion, Heroism, Finesse, Duel


You were on level 13 of the Dungeon.
You worshipped Okawaru.
Okawaru was exalted by your worship.
You visited 4 branches of the dungeon, and saw 21 of its levels.
You also visited: Bailey.

You collected 4257 gold pieces.
You spent 2856 gold pieces at shops.

Inventory:

Hand Weapons
 R - the +4 broad axe of Nemelex Xobeh, Flying (weapon) {elec, +Blink Fly rPois Str+3}
   (You found it on level 1 of the Lair of Beasts)

   It occasionally discharges a powerful burst of electricity upon striking a
   foe.
   Str:       It affects your strength (+3).
   rPois:     It protects you from poison.
   Fly:       It grants you flight.
   +Blink:    It lets you blink.
 X - a +1 demon whip of venom
Missiles
 y - a throwing net
Armour
 a - a +2 cloak of willpower (worn)
 c - a +0 buckler (worn)
 J - a +7 plate armour of ponderousness (worn)
 K - a +0 pair of boots (worn)
 U - the +0 pair of gloves "Baraupne" (worn) {rF+ rC+ Str+3}
   (Okawaru gifted it to you on level 3 of the Lair of Beasts)

   Str:       It affects your strength (+3).
   rF:        It protects you from fire.
   rC:        It protects you from cold.
Jewellery
 i - a +6 ring of strength (left hand)
 j - a ring of flight
 x - a ring of poison resistance
 z - an amulet of regeneration (around neck)
 G - the ring "Davvimo" (right hand) {Will+ Str+2}
   (You found it on level 5 of the Lair of Beasts)

   [ring of willpower]

   Str:       It affects your strength (+2).
   Will:      It increases your willpower.
Wands
 o - a wand of quicksilver (10)
 s - a wand of flame (51)
 w - a wand of mindburst (4)
 E - a wand of polymorph (3)
 F - a wand of paralysis (13)
 I - a wand of iceblast (16)
Scrolls
 f - 6 scrolls of enchant weapon
 l - 5 scrolls of poison
 p - 4 scrolls of fear
 t - 3 scrolls of enchant armour
 v - 6 scrolls of amnesia
 H - 2 scrolls of fog
 N - a scroll of brand weapon
 O - 5 scrolls of teleportation
 P - 5 scrolls of immolation
Potions
 b - 9 potions of flight
 d - 2 potions of might
 e - 9 potions of curing
 h - 3 potions of resistance
 n - 6 potions of lignification
 q - 7 potions of heal wounds
 r - 2 potions of invisibility {unknown}
 u - a potion of haste {unknown}
 A - 3 potions of ambrosia {unknown}
 B - 3 potions of mutation {unknown}
 C - a potion of magic {unknown}
 D - 2 potions of cancellation
 S - 3 potions of attraction {unknown}
 T - a potion of brilliance {unknown}
Miscellaneous
 k - a lightning rod (4/4)
 m - a piece from Xom's chessboard (15/15)
 V - a phial of floods


   Skills:
 * Level 14.5(19.5) Fighting
 * Level 8.8(16.6) Axes
 - Level 12.1(18.2) Maces & Flails
 * Level 14.4(19.4) Armour
 + Level 6.0(11.0) Dodging
 - Level 4.0(9.0) Shields
 + Level 9.8 Invocations
 + Level 10.1 Evocations


You had 14 spell levels left.
You didn't know any spells.
Your spell library contained the following spells:

 Spells                   Type           Power      Damage    Failure   Level
 Static Discharge         Conj/Air       0%         3-3/arc   91%         2
 Sublimation of Blood     Necr           0%         N/A       91%         2
 Wereblood                Tmut           0%         N/A       91%         2
 Confusing Touch          Hex            0%         N/A       99%         3
 Conjure Flame            Conj/Fire      0%         6-21      99%         3
 Dazzling Flash           Conj/Hex       0%         N/A       99%         3
 Ignite Poison            Fire/Tmut/Pois 0%         N/A       99%         3
 Ozocubu's Armour         Ice            0%         N/A       99%         3
 Portal Projectile        Hex/Tloc       0%         N/A       99%         3
 Dispel Undead            Necr           0%         3d6       100%        4
 Leda's Liquefaction      Hex/Erth       0%         N/A       100%        4
 Petrify                  Tmut/Erth      0%         N/A       100%        4
 Sticky Flame             Conj/Fire      0%         2d3       100%        4
 Agony                    Necr           0%         N/A       100%        5
 Iskenderun's Battlesphe  Conj           0%         2d6       100%        5
 Metabolic Englaciation   Hex/Ice        0%         N/A       100%        5
 Silence                  Hex/Air        0%         N/A       100%        5
 Iron Shot                Conj/Erth      0%         9d1       100%        6
 Statue Form              Tmut/Erth      0%         N/A       100%        6
 Storm Form               Tmut/Air       0%         N/A       100%        7
 Call Canine Familiar     Summ           Unusable   N/A       N/A         3
 Simulacrum               Ice/Necr       Unusable   N/A       N/A         6
 Spellforged Servitor     Conj/Summ      Unusable   N/A       N/A         7
 Summon Hydra             Summ           Unusable   N/A       N/A         7

Dungeon Overview and Level Annotations

Branches:
Dungeon (13/15)            Temple (1/1) D:7            Lair (5/5) D:8
  Swamp (0/4) Lair:2        Snake (0/4) Lair:3        Slime (0/5) Lair:4
    Orc (2/2) D:12            Elf (0/3) Orc:2        Vaults (0/5) D:13
 Bailey (visited)

Altars:
Ashenzari
Cheibriados
Dithmenos
Elyvilon
Fedhas
Gozag
Hepliaklqana
Kikubaaqudgha
Makhleb
Nemelex Xobeh
Okawaru
Qazlal
Ru
Sif Muna
Trog
Uskayaw
Vehumet
Wu Jian
Xom
Yredelemnul
Zin
The Shining One

Shops:
D:9 (   D:11 ==*[   Orc:2 (:(*

Annotations:
D:5 2 transporters, Radix's ghost, novice GrEE


Innate Abilities, Weirdness & Mutations

You cannot be hasted, slowed, berserked, paralysed or teleported.
You can dig through walls and to a lower floor.
You have a pair of large antennae on your head. (SInv)
Your four strong arms can wield two-handed weapons with a shield.


Message History

You slash the enormous slime creature!
The enormous slime creature is lightly wounded.
You slash the enormous slime creature!
Lightning courses through the enormous slime creature!
The enormous slime creature is moderately wounded.
The enormous slime creature hits you but does no damage.
Two slime creatures merge to form a titanic slime creature.
You can now deal lightning-fast blows.
You hit the titanic slime creature.
The titanic slime creature is moderately wounded.
The titanic slime creature misses you.
You slice the titanic slime creature!!
The titanic slime creature is moderately wounded.
You slice the titanic slime creature!!
Lightning courses through the titanic slime creature!
The titanic slime creature is heavily wounded.
You slash the titanic slime creature!
Lightning courses through the titanic slime creature!
The titanic slime creature is heavily wounded.
The titanic slime creature hits you!!
You hit the titanic slime creature.
The titanic slime creature is heavily wounded.
You barely miss the titanic slime creature.
The titanic slime creature is heavily wounded.
The titanic slime creature hits you!!!
You barely miss the titanic slime creature.
The titanic slime creature is heavily wounded.
You slice the titanic slime creature!!
The titanic slime creature is heavily wounded.
You barely miss the titanic slime creature.
The titanic slime creature is heavily wounded.
The titanic slime creature hits you!!
* * * LOW HITPOINT WARNING * * *
You completely miss the titanic slime creature.
The titanic slime creature is heavily wounded.
You slash the titanic slime creature!
The titanic slime creature is heavily wounded.
The titanic slime creature hits you!!!!
Ouch! That really hurt!
You die...

............# ##........##
........................)#
.......####+#+##+#.......#
.......# .....#.......#
.......# .....####..###
.......# ........#..#
.......# .(......#..####
.......# #########'#.....#
.......# #...JJ@.........#
.............#####........#
.......... #....>..##
###...... #.......# .>
>.... #.......# .. ...
#.......# ### #.......#
#.......#


You could see a titanic slime creature and a slime creature.

Vanquished Creatures
  Saint Roka (Orc:2)
  Jorgrun (Orc:2)
  An orc warlord (Orc:2)
  Nessos (Lair:5)
  The ghost of Dikoemew the Fighter, a journeyman MiFi of Gozag (Lair:1)
  A fire dragon (D:13)
  An ice dragon (Lair:5)
  8 hydras
  A boulder beetle (D:13)
  A vault guard (D:13)
  4 two-headed ogres
  3 catoblepae (Lair:5)
  9 death yaks
  An orc high priest (Orc:2)
  Sonja (D:11)
  The ghost of gdog the Covert, a novice GnDe of Gozag (D:9)
  A wizard (D:13)
  2 lindwurms (Lair:5)
  4 necromancers (D:13)
  An oklob plant (Lair:3)
  2 deep elf pyromancers
  2 ugly things (D:12)
  6 orc sorcerers
  2 cyclopes
  2 manticores (Lair:5)
  3 torpor snails
  8 black mambas
  Maurice (D:9)
  9 elephants
  9 cane toads
  A gargoyle (D:12)
  3 kobold demonologists
  A rime drake (Lair:5)
  An efreet (D:13)
  6 komodo dragons
  3 trolls
  7 blink frogs
  12 dream sheep (Lair:5)
  Sigmund (D:5)
  A vampire (D:12)
  A shadow (D:13)
  A wraith (D:9)
  2 wyverns
  20 humans (D:13)
  A basilisk (Lair:1)
  2 steam dragons
  49 yaks
  5 nagas (Lair:3)
  3 wargs (Orc:2)
  An acid dragon (D:11)
  12 water moccasins
  A swamp drake (D:12)
  An ice beast (D:6)
  4 black bears
  31 orc warriors
  A sky beast (D:7)
  4 centaurs
  2 wolves (Lair:5)
  4 ogres
  2 phantoms
  14 kobold brigands
  8 bullfrogs
  A necrophage (D:4)
  6 scorpions
  3 gnoll sergeants
  15 killer bees
  8 howler monkeys
  An electric eel (Lair:2)
  A jelly (D:4)
  2 gnoll boudas
  Crazy Yiuf (D:3)
  4 hounds
  23 orc priests
  An iguana (D:6)
  36 orc wizards
  19 gnolls
  9 adders
  A shadow imp (D:7)
  3 white imps (Lair:5)
  An ufetubus (D:6)
  4 worms
  3 dart slugs
  78 orcs
  8 ball pythons
  10 endoplasms
  6 giant cockroaches
  6 goblins
  11 hobgoblins
  6 quokkas
  5 bats
  4 frilled lizards
  23 kobolds
592 creatures vanquished.

Vanquished Creatures (others)
  A two-headed ogre (D:12)
  An orc wizard (D:11)
  An orc (D:6)
  A bush (Lair:5)
  18 fungi
  18 plants
40 creatures vanquished.

Grand Total: 632 creatures vanquished

Notes
Turn   | Place    | Note
-------+----------+-------------------------------------------
     0 | D:1      | SUNBIBLE the Formicid Fighter began the quest for the Orb.
     0 | D:1      | Reached XP level 1. HP: 18/18 MP: 1/1
   521 | D:1      | Reached XP level 2. HP: 24/24 MP: 2/2
   925 | D:1      | Found a faded altar of an unknown god.
   925 | D:1      | Noticed a sun demon
   987 | D:1      | Reached XP level 3. HP: 25/29 MP: 3/3
  1494 | D:2      | Found a white marble altar of Elyvilon.
  1791 | D:2      | Reached XP level 4. HP: 28/35 MP: 4/4
  2610 | D:3      | Noticed a phantom
  2619 | D:3      | Killed a phantom
  2620 | D:3      | Reached skill level 5 in Maces & Flails
  2620 | D:3      | Reached XP level 5. HP: 39/41 MP: 5/5
  2720 | D:3      | Found a runed translucent door.
  2721 | D:3      | Noticed Crazy Yiuf
  3090 | D:3      | Reached XP level 6. HP: 43/47 MP: 6/6
  3340 | D:3      | Killed Crazy Yiuf
  3804 | D:4      | Reached XP level 7. HP: 36/52 MP: 7/7
  4735 | D:5      | Entered Level 5 of the Dungeon
  4826 | D:5      | Reached skill level 1 in Evocations
  4848 | D:5      | Noticed Sigmund
  4867 | D:5      | Killed Sigmund
  4868 | D:5      | Reached XP level 8. HP: 25/60 MP: 8/8
  5085 | D:5      | Noticed Radix's ghost (novice GrEE)
  5095 | D:5      | Reached skill level 5 in Fighting
  5095 | D:5      | Reached skill level 5 in Armour
  5333 | D:5      | Found a transporter.
  5344 | D:5      | Found a transporter.
  5990 | D:6      | Reached XP level 9. HP: 65/68 MP: 9/9
  6822 | D:7      | Found a staircase to the Ecumenical Temple.
  6853 | Temple   | Entered the Ecumenical Temple
  7207 | Temple   | Became a worshipper of Warmaster Okawaru
  7569 | D:7      | Noticed a two-headed ogre
  7578 | D:7      | Killed a two-headed ogre
  7578 | D:7      | Reached * piety under Okawaru
  7578 | D:7      | Reached ** piety under Okawaru
  7579 | D:7      | Reached skill level 1 in Invocations
  7579 | D:7      | Reached XP level 10. HP: 74/79 MP: 9/11
  7583 | D:7      | Identified the +7 whip of Makhleb's Regard {vorpal, Dex+3}
  7899 | D:8      | Found a staircase to the Lair.
  8148 | D:8      | Reached *** piety under Okawaru
  8152 | D:8      | Reached skill level 10 in Maces & Flails
  8423 | D:8      | Reached skill level 5 in Evocations
  9099 | D:9      | Noticed Maurice
  9116 | D:9      | Killed Maurice
  9212 | D:9      | Found a flagged portal.
  9233 | Bailey   | Entered a bailey
  9314 | Bailey   | Reached **** piety under Okawaru
  9349 | Bailey   | Reached XP level 11. HP: 70/87 MP: 13/13
  9707 | D:9      | Found Saxasoim's Weapon Boutique.
 10031 | D:9      | Found a runed translucent gate.
 10031 | D:9      | Found a runed translucent gate.
 10031 | D:9      | Noticed gdog's ghost (novice GnDe)
 10032 | D:9      | Found a runed translucent gate.
 10432 | D:9      | Noticed a sun demon
 10497 | D:9      | Killed gdog's ghost
 10703 | D:10     | Entered Level 10 of the Dungeon
 10737 | D:10     | Reached ***** piety under Okawaru
 10833 | D:10     | Reached skill level 5 in Invocations
 10944 | D:10     | Found a hide-covered altar of Uskayaw.
 10950 | D:10     | Found a basalt altar of Yredelemnul.
 11054 | D:10     | Identified a scroll of acquirement
 11079 | D:10     | Identified the +5 long sword "Exzesuts" {flame, rF+ rC+
                  | SInv}
 11260 | D:11     | Found Eblygoqi's Assorted Antiques.
 11267 | D:11     | Noticed a two-headed ogre
 11271 | D:11     | Killed a two-headed ogre
 11272 | D:11     | Reached skill level 10 in Fighting
 11272 | D:11     | Reached skill level 10 in Armour
 11348 | D:11     | Found Hijeonao's Antique Armour Shoppe.
 11351 | D:11     | Bought a pair of boots for 108 gold pieces
 11372 | D:11     | Reached XP level 12. HP: 74/97 MP: 15/15
 11454 | D:11     | Bought a scroll labelled LIV GAYMMINNA for 31 gold pieces
 11454 | D:11     | Bought a scroll of teleportation for 93 gold pieces
 11454 | D:11     | Bought a scroll labelled EFUMUO UWAWEMN for 31 gold pieces
 11454 | D:11     | Bought a fuming grey potion for 27 gold pieces
 11454 | D:11     | Bought a fuming grey potion for 27 gold pieces
 11454 | D:11     | Bought a wand of paralysis (1) for 74 gold pieces
 11454 | D:11     | Bought a fine flail for 263 gold pieces
 11454 | D:11     | Identified the +3 flail of Harmony {flame, Will- Str+4
                  | Dex+3 Stlth+} (You bought it in a shop on level 11 of the
                  | Dungeon)
 11524 | D:11     | Found Hopp's Jewellery Shoppe.
 11551 | D:11     | Noticed Sonja
 11558 | D:11     | Killed Sonja
 11587 | D:11     | Found Zokotauniu's Jewellery Shop.
 11613 | D:11     | Found Hiur's Jewellery Shop.
 11867 | Lair:1   | Entered Level 1 of the Lair of Beasts
 11942 | Lair:1   | Identified the quicksilver dragon scales of Xoukkau {rF-
                  | Will+ rCorr Dex-5 Stlth+} (Okawaru gifted it to you on
                  | level 1 of the Lair of Beasts)
 11942 | Lair:1   | Received a gift from Okawaru
 12038 | Lair:1   | Found a runed translucent gate.
 12038 | Lair:1   | Found a runed translucent gate.
 12038 | Lair:1   | Found a runed translucent gate.
 12039 | Lair:1   | Noticed a nine-headed hydra
 12039 | Lair:1   | Noticed a 12-headed hydra
 12040 | Lair:1   | Noticed Dikoemew's ghost (journeyman MiFi)
 12094 | Lair:1   | Reached skill level 1 in Dodging
 12230 | Lair:1   | Noticed a four-headed hydra
 12239 | Lair:1   | Killed a four-headed hydra
 12761 | Lair:1   | Killed Dikoemew's ghost
 12766 | Lair:1   | Killed a nine-headed hydra
 12771 | Lair:1   | Killed a 12-headed hydra
 12783 | Lair:1   | Identified the +4 broad axe of Nemelex Xobeh, Flying {elec,
                  | +Blink Fly rPois Str+3}
 12930 | Lair:2   | Reached skill level 1 in Axes
 13002 | Lair:2   | Noticed a seven-headed hydra
 13011 | Lair:2   | Killed a seven-headed hydra
 13021 | Lair:2   | Reached XP level 13. HP: 56/106 MP: 15/17
 13191 | Lair:2   | You fall into a shaft and drop 1 floor!
 13196 | Lair:3   | Found a staircase to the Snake Pit.
 13495 | Lair:2   | Found a staircase to the Swamp.
 13858 | Lair:3   | Reached ****** piety under Okawaru
 13965 | Lair:3   | Identified the +0 flail of Inference {drain, rC+ rN+}
 14018 | Lair:3   | Identified the +0 pair of gloves "Baraupne" {rF+ rC+ Str+3}
                  | (Okawaru gifted it to you on level 3 of the Lair of Beasts)
 14018 | Lair:3   | Received a gift from Okawaru
 15307 | Lair:4   | Found a staircase to the Slime Pits.
 16097 | Lair:5   | Entered Level 5 of the Lair of Beasts
 16125 | Lair:5   | Noticed a catoblepas
 16136 | Lair:5   | Killed a catoblepas
 16180 | Lair:5   | Reached skill level 5 in Axes
 16254 | Lair:5   | Noticed Nessos
 16277 | Lair:5   | Killed Nessos
 16278 | Lair:5   | Reached XP level 14. HP: 103/114 MP: 14/19
 16335 | Lair:5   | Received a gift from Okawaru
 17391 | Lair:5   | Identified the ring "Davvimo" {Will+ Str+2}
 17697 | Lair:5   | Got the Precepts of the Bewitching Figure
 18021 | D:11     | Bought a phial of floods for 1240 gold pieces
 18206 | D:12     | Received a gift from Okawaru
 18207 | D:12     | Reached skill level 5 in Dodging
 18562 | D:12     | Found a staircase to the Orcish Mines.
 18594 | D:12     | Reached XP level 15. HP: 115/124 MP: 21/21
 18846 | D:11     | Acquired 1049 gold pieces
 18848 | D:11     | Bought a ring of poison resistance for 360 gold pieces
 18898 | Orc:1    | Entered Level 1 of the Orcish Mines
 19373 | Orc:2    | Entered Level 2 of the Orcish Mines
 19481 | Orc:2    | Noticed an orc warlord
 19483 | Orc:2    | Noticed Saint Roka
 19495 | Orc:2    | Killed an orc warlord
 19495 | Orc:2    | Received a gift from Okawaru
 19619 | Orc:2    | Killed Saint Roka
 19846 | Orc:2    | Found a staircase to the Elven Halls.
 19938 | Orc:2    | Noticed Jorgrun
 19954 | Orc:2    | Killed Jorgrun
 20307 | Orc:2    | Found Saup's Weapon Emporium.
 20307 | Orc:2    | Found Qexarch's Antique Weapon Shoppe.
 20308 | Orc:2    | Found Puloep's Book Shoppe.
 20312 | Orc:2    | Found Ynitenei's General Store.
 20316 | Orc:2    | Bought a +7 plate armour of ponderousness for 490 gold
                  | pieces
 20316 | Orc:2    | Bought a potion of cancellation for 112 gold pieces
 20620 | D:13     | Received a gift from Okawaru
 20659 | D:13     | Identified the +5 rapier of Fortitude {flame, rPois rC+
                  | rN+}
 20672 | D:13     | Reached skill level 10 in Evocations
 20698 | D:13     | Found a gate to the Vaults.
 21082 | D:13     | Annihilated by a titanic slime creature

Illustrated notes

Levels and vault maps discovered:
D:1:      tarquinn_simple_flora_water_a, layout_loops_ring,
          dreamdust_ecumenical_altar_sealed_demon, grunt_decor_one_mirror,
          kennysheep_flooded_box, serial_bayou_pond_b, minmay_tetromino_l2
D:2:      minmay_razor_zed, layout_loops_cross, basic_altar
D:3:      layout_loops_cross, uniq_crazy_yiuf_cottage
D:4:      minmay_clustersquares, layout_loops_ring, serial_bayou_lake_a
D:5:      layout_rooms, gammafunk_ghost_stat_death, uniq_sigmund
D:6:      layout_cave_pods
D:7:      layout_gridville, minmay_temple_entry_glass, ldierk_geyser,
          kennysheep_another_room, minmay_misc_feat_cross, item_on_display_a
D:8:      layout_basic, lair_entry_dummy, serial_curves, eino_curves_04,
          eino_curves_01
D:9:      layout_basic, enter_bailey_4, serial_shops,
          nicolae_shop_bloodbath_and_beyond, gammafunk_ghost_nasty_kobolds,
          minmay_misc_feat_secret_circle, uniq_maurice
D:10:     layout_rooms, mainiacjoe_overflow_big_doors
D:11:     layout_rooms, serial_shops,
          nicolae_shop_temple_entry_statues_fountains, kennysheep_mini,
          nicolae_take_the_stairs, nicolae_shop_statue_plus,
          nicolae_shop_overgrown_old_shop, uniq_sonja
D:12:     layout_basic, erik_orc_1
D:13:     layout_irregular_city, grunt_vaults_entry_tiered, minmay_checkerbox
Temple:   mainiacjoe_temple_cubbyholes
Lair:1:   layout_chaotic_city, gammafunk_ghost_hydra_chop, serial_bayou_shore_b
Lair:2:   layout_gridlike, swamp_mist
Lair:3:   layout_layer_cave, minmay_snake_entry_guardpost_medium
Lair:4:   layout_regular_city, slime_entry_1, grunt_megastairs_4
Lair:5:   hangedman_lair_in_review, layout_regular_city,
          bobbens_ice_dragon_lair, uniq_nessos
Orc:1:    layout_caves
Orc:2:    st_orc_mages, layout_caves, nicolae_orc_crystal_geode, uniq_jorgrun,
          uniq_saint_roka

Skill      XL: |  1  2  3  4  5  6  7  8  9 10 11 12 13 14 15 |
---------------+----------------------------------------------+-----
Maces & Flails | 3 5 6 7 8 9 10 11 12 | 12.1
Evocations     | 1 2 4 5 6 7 8 9 10 | 10.1
Fighting       | 4 5 7 8 10 11 12 13 14 | 14.5
Armour         | 4 5 7 8 10 11 12 13 14 | 14.4
Invocations    | 1 3 5 6 7 8 9 |  9.8
Dodging        | 2 4 5 6 |  6.0
Axes           | 1 5 7 8 |  8.8
Shields        | |  4.0

Action                   |  1- 3 |  4- 6 |  7- 9 | 10-12 | 13-15 || total
-------------------------+-------+-------+-------+-------+-------++-------
Melee: Flail             |    88 |    81 |   251 |   108 |   555 ||  1083
       Quarterstaff      |       |    48 |    18 |       |       ||    66
       Whip              |       |       |       |   545 |       ||   545
       Demon whip        |       |       |       |       |   502 ||   502
       Broad axe         |       |       |       |       |   107 ||   107
Invok: Heroism           |       |       |       |     4 |     6 ||    10
       Finesse           |       |       |       |     2 |     8 ||    10
 Abil: Dig               |       |       |       |     3 |     9 ||    12
Evoke: Wand              |       |       |       |     4 |    10 ||    14
       Lightning rod     |       |       |       |       |     4 ||     4
       Phial of floods   |       |       |       |       |     1 ||     1
  Use: Scroll            |       |     5 |     2 |    10 |     5 ||    22
       Potion            |       |       |     2 |     1 |       ||     3
 Stab: Paralysed         |       |       |       |     2 |       ||     2
Armor: Scale mail        |    36 |    38 |   120 |    40 |       ||   234
       Plate armour      |       |       |       |   249 |   502 ||   751
Dodge: Dodged            |    39 |    41 |   100 |   183 |   341 ||   704
Block: Buckler           |    28 |    39 |   124 |   124 |   167 ||   482
       Reflection        |       |       |     2 |     1 |       ||     3
